 Dungeon Crawl Stone Soup version 0.24-a0-201-gf205589 (console) character file.

Game seed: 3490792840661896169

44 bli the Skirmisher (level 3, -1/33 HPs)
             Began as a Draconian Fighter on Mar 23, 2019.
             Killed from afar by an orc wizard (5 damage)
             ... with a magic dart
             ... on level 3 of the Dungeon.
             The game lasted 00:01:14 (134 turns).

bli the Skirmisher (Draconian Fighter)               Turns: 134, Time: 00:01:15

Health: -1/33      AC:  5    Str: 18    XL:     3   Next: 39%
Magic:  3/3        EV: 10    Int:  8    God:
Gold:   8          SH:  9    Dex: 11    Spells: 2/2 levels left

rFire    . . .     SeeInvis .   a - +0 long sword
rCold    . . .     Gourm    .   b - +0 shield
rNeg     . . .     Faith    .   (armour unavailable)
rPois    .         Spirit   .   (helmet restricted)
rElec    .         Reflect  .   (no cloak)
rCorr    .         Harm     .   (no gloves)
MR       .....                  (no boots)
Stlth    +.........             (no amulet)
HPRegen  0.11/turn              (no ring)
MPRegen  0.08/turn              (no ring)

@: slowed, very slow
A: unfitting armour, cold-blooded, AC +5
a: no special abilities


You were on level 3 of the Dungeon.
You were not hungry.

You visited 1 branch of the dungeon, and saw 3 of its levels.

You collected 8 gold pieces.

Inventory:

Hand Weapons
 a - a +0 long sword (weapon)
Missiles
 e - 8 exploding tomahawks (quivered)
Armour
 b - a +0 shield (worn)
Potions
 c - a potion of might
Comestibles
 d - a ration
 f - a chunk of flesh


   Skills:
 + Level 3.8 Fighting
 + Level 2.4 Long Blades
 * Level 3.4 Dodging
 - Level 3.0 Shields


You had 2 spell levels left.
You didn't know any spells.
Your spell library was empty.

Dungeon Overview and Level Annotations

Branches:
Dungeon (3/15)

Altars:


Innate Abilities, Weirdness & Mutations

Your plain brown scales are hard. (AC +5)
You cannot fit into any form of body armour.
You are cold-blooded and may be slowed by cold attacks.


Message History

The orc wizard hits you with a +0 dagger.
* * * LOW HITPOINT WARNING * * *
You barely miss the orc wizard.
The orc wizard is heavily wounded.
The orc wizard hits you with a +0 dagger.
* * * LOW HITPOINT WARNING * * *
The orc wizard hits you but does no damage.
You hit the orc wizard.
You tail-slap the orc wizard, but do no damage.
The orc wizard is almost dead.
The orc wizard barely misses you.
The orc wizard casts a spell.
The orc wizard blinks!
The orc wizard casts a spell at you.
You feel yourself slow down. The orc wizard casts a spell at you.
You feel as though you will be slow longer.
The orc wizard gestures at you while chanting.
The magic dart hits you.
You die...

..>.$.?
.......
.......
....?..
...$...
...o.ro####
......o.o.#
.......##ยง#
....... #.#
####### #.#
#@# ###


You could see an orc wizard.

Vanquished Creatures
  An orc wizard (D:3)
  3 orcs (D:3)
  5 jackals
  2 bats
  A frilled lizard (D:2)
  A rat (D:3)
13 creatures vanquished.

Notes
Turn   | Place    | Note
-------+----------+-------------------------------------------
     0 | D:1      | bli the Draconian Fighter began the quest for the Orb.
     0 | D:1      | Reached XP level 1. HP: 19/19 MP: 1/1
    89 | D:3      | Noticed an orc wizard
    89 | D:3      | Noticed an orc wizard
    95 | D:3      | Reached XP level 2. HP: 26/26 MP: 2/2
   107 | D:3      | Reached XP level 3. HP: 18/33 MP: 3/3
   134 | D:3      | Killed from afar by an orc wizard

Levels and vault maps discovered:
D:1:      lemuel_arrival_behind_the_door_small, layout_basic
D:2:      layout_rooms, chequers_temple_overflow_statue_of_worship,
          serial_curves, eino_curves_04, eino_curves_02, eino_curves_01,
          st_stairs_12, uniq_sigmund, uniq_jessica
D:3:      layout_basic, uniq_robin

Skill      XL: |  1 |
---------------+----+-----
Dodging        | 3 |  3.4
Fighting       | |  3.8
Long Blades    | |  2.4
Shields        | |  3.0

Action                   || total
-------------------------++-------
Melee: Long sword        ||    40
       Tailslap          ||     4
Armor: Skin              ||     8
Dodge: Dodged            ||    14
Block: Shield            ||    11
       Rpst.: Long sword ||     3

Table legend:
 A = Non-vault XP
 B = Vault XP
 C = Vault XP percentage of total XP
 D = Non-vault monster count
 E = Vault monster count
 F = Vault count percentage of total count
                 A         B        C        D         E       F
            +---------+---------+-------+---------+---------+-------
      Total |      63 |       0 |   0.0 |      13 |       0 |   0.0
            +---------+---------+-------+---------+---------+-------
        D:1 |       1 |       0 |   0.0 |       1 |       0 |   0.0
        D:2 |       7 |       0 |   0.0 |       4 |       0 |   0.0
        D:3 |      55 |       0 |   0.0 |       8 |       0 |   0.0
            +---------+---------+-------+---------+---------+-------
